 Dungeon Crawl Stone Soup version 0.31-a0-988-g08d55dae12 (webtiles) character file.

Game seed: 2222413503529260011

54 BinkBink the Ruffian (level 3, 0/24 HPs)
             Began as an Octopode Shapeshifter on Nov 5, 2023.
             Slain by a worm (11 damage)
             ... on level 2 of the Dungeon.
             The game lasted 00:01:17 (1115 turns).

BinkBink the Ruffian (Octopode Shapeshifter)        Turns: 1115, Time: 00:01:18

Health: 0/24       AC:  1    Str: 15    XL:     3   Next: 91%
Magic:  3/3        EV: 11    Int: 12    God:
Gold:   29         SH:  7    Dex: 11    Spells: 2/2 levels left

rFire   . .          .
                       - Unarmed
rCold   . . .        i - +0 kite shield
rNeg    . . .        (helmet currently unavailable)
rPois   .            (no amulet)
rElec   .            (no ring)
rCorr   .            (no ring)
SInv    .            (no ring)
Will    .....        (no ring)
Stlth   +++          (no ring)
HPRegen 0.24/turn    (no ring)
MPRegen 0.08/turn    (no ring)
                     (no ring)

%: no passive effects
@: beast-form
A: beast (slay +1), almost no armour, amphibious, 8 rings, camouflage 1,
gelatinous body 1, (nimble swimmer 1), tentacles
a: Begin Untransformation


You were on level 2 of the Dungeon.
You were a hulking beast.
You visited 1 branch of the dungeon, and saw 2 of its levels.

You collected 29 gold pieces.

Inventory:

Armour
 i - a +0 kite shield (worn)
Talismans
 b - a beast talisman (active)
 c - a flux talisman
Wands
 j - a wand of flame (21)
Scrolls
 d - 2 scrolls of identify {unknown}
 e - 2 scrolls of noise {unknown}
 f - a scroll of fear {unknown}
 g - a scroll of enchant weapon {unknown}
 h - a scroll of vulnerability {unknown}
Potions
 a - a potion of lignification


   Skills:
 + Level 1.7 Fighting
 + Level 2.4 Dodging
 + Level 2.0 Stealth
 + Level 0.0 Shields
 + Level 3.3 Unarmed Combat
 + Level 3.3 Shapeshifting


You had 2 spell levels left.
You didn't know any spells.
Your spell library contained the following spells:

 Spells                   Type           Power      Damage    Failure   Level
 Stone Arrow              Conj/Erth      0%         3d7       98%         3
 Lehudib's Crystal Spear  Conj/Erth      0%         10d2      100%        8
 Animate Armour           Summ/Erth      Unusable   N/A       N/A         4

Dungeon Overview and Level Annotations

Branches:
Dungeon (2/15)

Altars:


Innate Abilities, Weirdness & Mutations

You are a hulking beast.
Your limbs bulge with bestial killing power. (Slay +1)
You cannot wear most types of armour.
You are amphibious.
You can wear up to eight rings at the same time.
Your skin changes colour to match your surroundings (Stealth+).
Your rubbery body absorbs attacks. (AC +1, EV +1)
((You are camouflaged when in or above water. (Stealth+)))
You have tentacles for arms and can constrict up to eight enemies at once.


Message History

An endoplasm comes into view.
Items here: ) / [ †.
An endoplasm is nearby!
An endoplasm is nearby!
An endoplasm is nearby!
The endoplasm quivers.
The endoplasm freezes you.
You are frozen.
You tentacle-slap the endoplasm.
The endoplasm is severely wounded.
The endoplasm freezes you.
You are frozen.
You tentacle-slap the endoplasm.
You kill the endoplasm!
No target in view!
No target in view!
j - a wand of flame (21)
Things that are here:
a +0 short sword; a +0 chain mail; the human corpse of Terence A worm comes into view.
A worm is nearby!
The helpless worm fails to defend itself.
You tentacle-slap the worm. Your grab misses the worm.
The worm is lightly wounded.
The worm bites you!
You tentacle-slap the worm. You grab the worm.
The worm is lightly wounded.
You constrict the worm. The worm bites you.
You are too injured to fight recklessly!
You are too injured to fight recklessly!
You are too injured to fight recklessly!
You are too injured to fight recklessly!
You tentacle-slap the worm but do no damage.
The worm is moderately wounded.
You constrict the worm.
You tentacle-slap the worm but do no damage.
You squeeze the worm.
The worm is heavily wounded.
You constrict the worm. The worm bites you!
You die...

..# #.# #.#
#.# ### #.#
#.####### #.#
#w......# #.#
#h# #.###.#
#..##.#
#.#..##.###.#
#.#.......#.#
#.#..######.#
#.#..# #.#
#.#..# #.#
#.#..# #.#


You could see a worm.

Vanquished Creatures
  Terence (D:2)
  4 endoplasms
  A giant cockroach (D:1)
  2 goblins (D:1)
  4 hobgoblins (D:1)
  A quokka (D:1)
  6 ball pythons (D:1)
  5 bats (D:1)
  A frilled lizard (D:1)
  2 kobolds (D:1)
  4 rats
31 creatures vanquished.

Notes
Turn   | Place    | Note
-------+----------+-------------------------------------------
     0 | D:1      | BinkBink the Octopode Shapeshifter began the quest for the
                  | Orb.
     0 | D:1      | Reached XP level 1. HP: 13/13 MP: 1/1
   195 | D:1      | Reached XP level 2. HP: 18/18 MP: 2/2
   259 | D:1      | Reached skill level 1 in Stealth
   669 | D:1      | Reached XP level 3. HP: 23/23 MP: 3/3
   999 | D:2      | Noticed Terence
  1006 | D:2      | Killed Terence
  1115 | D:2      | Slain by a worm

Illustrated notes

Levels and vault maps discovered:
D:1:      dpeg_arrival_pits, layout_basic
D:2:      layout_basic, basic_ecumenical_altar, kennysheep_generic_room_5,
          uniq_terence

Skill      XL: |  1  2  3 |
---------------+----------+-----
Stealth        | 1 2 |  2.0
Fighting       | |  1.7
Dodging        | |  2.4
Unarmed Combat | |  3.3
Shapeshifting  | |  3.3

Action                     || total
---------------------------++-------
  Melee: Unarmed           ||    57
         Constrict         ||    16
         Tentacles         ||    14
         Punch             ||     1
   Stab: Sleeping          ||    11
 Armour: Skin              ||    20
  Dodge: Dodged            ||    23
   Form: Beast             ||     1

Table legend: (Time is in decaauts)
 A = Elapsed time spent in this place.
 B = Non-inter-level travel time spent in this place.
 C = Inter-level travel time spent in this place.
 D = Time resting spent in this place.
 E = Time spent auto-exploring this place.
 F = Levels seen in this place.
 G = Mean time per level.
                   A        B        C        D        E       F      G
               +--------+--------+--------+--------+--------+-----+--------+
         Total |   1112 |   1062 |     50 |      0 |    871 |   2 |  556.0 |
       Dungeon |   1112 |   1062 |     50 |      0 |    871 |   2 |  556.0 |
               +--------+--------+--------+--------+--------+-----+--------+

Top non-repeatable levels by time:
     D:1: 920 daAuts
     D:2: 191 daAuts
